Unix NetHack Version 3.7.0-53 Work-in-progress - last build Apr 18 2022 03:42:42 (02b85442fffe0e2954e411e09df771b56fe27bbc,branch:master). Game began 2022-04-25 17:08:44, ended 2022-04-29 17:46:53. tmkrth, lawful female human Samurai ------------- #-...........| #######|....n......| # ###[#-.........)<| ##### --------.---- ####### # ----- #------ # ....\| ###|@..(.### |.....####%h....| |....|### |....|0############### |.(..-# --|---# -----.---------- ----- ##### |..............| |..............| |..<...........| ---------------- Tmkrth the Ronin St:14 Dx:17 Co:18 In:10 Wi:7 Ch:9 Lawful S:1167 Dlvl:6 $:17 HP:0(56) Pw:19(19) AC:2 Xp:5/225 T:1522 Latest messages: The hobgoblin wakes up! You hit the dwarf queen. The gnome misses! You hit the gnomish wizard! The air crackles around the gnomish wizard. You hit the gnomish wizard! You kill the gnomish wizard! Welcome to experience level 5. The bugbear wakes up! The hobgoblin swings his scimitar. The hobgoblin hits! w - a golden potion. You hit the hobgoblin. You kill the hobgoblin! You miss the hobgoblin. You kill the hobgoblin! The hobgoblin misses! You miss the hobgoblin. The hobgoblin misses! You miss the hobgoblin. The hobgoblin hits! You hit the hobgoblin. You kill the hobgoblin! The gnome misses! You kill the gnome! You see here a gnome corpse. The bugbear hits! The hobgoblin swings his scimitar. The hobgoblin misses! It is hit. The hobgoblin picks up an orcish helm. You kill the hobgoblin! The bugbear picks up an orcish helm. The bugbear puts on an orcish helm. You hit the bugbear. The bugbear hits! You hit the bugbear. The bugbear hits! You kill the bugbear! The bugbear picks up an orcish helm. The bugbear puts on an orcish helm. You hit the bugbear. You hit the bugbear. The bugbear thrusts her dagger. The bugbear hits! You hit the bugbear! You hit the bugbear. The bugbear thrusts her dagger. The bugbear hits! You die... Major events: Turn 1: tmkrth the lawful female human Samurai entered the dungeon 991: attained the rank of Ronin (level 3) 997: entered the Gnomish Mines 1435: entered Sokoban 1522: killed by a bugbear Inventory: Coins ('$') $ - 17 gold pieces Weapons (')') a - a +0 katana (weapon in hand) c - a +0 yumi d - 31 +0 ya (in quiver) Armor ('[') e - a blessed rustproof +0 splint mail (being worn) j - an uncursed +1 orcish helm (being worn) Comestibles ('%') q - an uncursed sprig of wolfsbane v - an uncursed gunyoki Scrolls ('?') f - an uncursed scroll of blank paper k - an uncursed scroll of create monster Spellbooks ('+') i - an uncursed spellbook of remove curse l - an uncursed spellbook of confuse monster Potions ('!') h - a blessed potion of gain ability n - a cursed potion of confusion r - an uncursed potion of healing w - an uncursed potion of monster detection Rings ('=') s - an uncursed ring of polymorph control Wands ('/') g - a blessed wand of cancellation (0:5) u - a wand of create monster (0:13) Tools ('(') o - an uncursed figurine of a grid bug Gems/Stones ('*') p - 2 uncursed worthless pieces of black glass Tmkrth the Samurai's attributes: Background: You were a Ronin, a level 5 female human Samurai. You were lawful, nominally on a mission for Amaterasu Omikami who was opposed by Raijin (neutral) and Susanowo (chaotic). You were in the Dungeons of Doom, on level 6. You entered the dungeon 1522 turns ago. You had 225 experience points, 95 more were needed to attain level 6. Your score was 1167 before end-of-game adjustments. Basics: You had 0 out of 56 hit points. You had all 19 energy points (spell power). Your armor class was 2. Your wallet contained 17 zorkmids. Autopickup was on for '$' plus thrown. Final Characteristics: Your strength was 14 (limit:18/100). Your dexterity was 17 (limit:18). Your constitution was 18 (limit:18). Your intelligence was 10 (limit:18). Your wisdom was 7 (limit:18). Your charisma was 9 (limit:18). Final Status: You were not hungry. You were unencumbered. You were wielding a long sword. You had basic skill with long sword. Final Attributes: You were devoutly aligned. You were warded. You were fast. You are dead. Miscellaneous: You never encountered a bones level. Total elapsed playing time was 17 minutes and 15 seconds. Vanquished creatures: a bugbear an Uruk-hai a rock piercer a rock mole a gnomish wizard 2 elf zombies a giant ant an iguana an acid blob a manes 6 hobgoblins a red mold a gnome a gecko 3 jackals a fox 2 kobolds 2 goblins 3 grid bugs 2 bats 2 lichens a kobold zombie 2 newts 38 creatures vanquished. No species were genocided or became extinct. Voluntary challenges: You were an atheist. You read items or engraved 3 times. You engraved Elbereth 1 time. You never genocided any monsters. You never polymorphed an object. You never changed form. You used no wishes. You did not violate any of the special Sokoban rules. Achievements: You attained the rank of Ronin. You entered the Gnomish Mines. You entered Sokoban. The Dungeons of Doom: levels 1 to 6 Level 1: Level 2: A grave. Level 3: A fountain. Level 4: A fountain, a sink. Stairs down to The Gnomish Mines. Level 5: Many fountains. Oracle of Delphi. Level 6: "locked chest" <- You were here. A throne. Stairs up to Sokoban, level 5. Final resting place for you, killed by a bugbear. The Gnomish Mines: Level 5: Sokoban: Level 5: Unsolved. Game over: ---------- / \ / REST \ / IN \ / PEACE \ / \ | tmkrth | | 17 Au | | killed by a | | bugbear | | | | | | 2022 | *| * * * | * _________)/\\_//(\/(/\)/\//\/|_)_______ Sayonara tmkrth the Samurai... You died in The Dungeons of Doom on dungeon level 6 with 1166 points, and 17 pieces of gold, after 1522 moves. You were level 5 with a maximum of 56 hit points when you died.